 Dungeon Crawl Stone Soup version 0.24-a0-699-g5a66b1aa3b (webtiles) character file.

Game seed: 14877773896792753830, levelgen mode: deterministic

4901 Brecoman the Spear-Bearer (level 10, -2/73 HPs)
             Began as a Merfolk Summoner on Sept 29, 2019.
             Was a Believer of Cheibriados.
             Shot with an arrow by a centaur (6 damage)
             ... on level 8 of the Dungeon.
             The game lasted 00:31:34 (9960 turns).

Brecoman the Spear-Bearer (Merfolk Summoner)        Turns: 9960, Time: 00:31:35

Health: -2/73      AC: 11    Str: 15    XL:     10   Next: 51%
Magic:  0/16       EV: 18    Int: 21    God:    Cheibriados [**....]
Gold:   262        SH: 11    Dex: 20    Spells: 2/17 levels left

rFire    . . .     SeeInvis .   t - +1 trident
rCold    . . .     Gourm    .   k - +0 shield {AC+3}
rNeg     + . .     Faith    .   a - +0 leather armour
rPois    .         Spirit   +   i - +0 helmet
rElec    .         Reflect  .   e - +0 cloak
rCorr    .         Harm     .   q - +1 pair of gloves
MR       .....                  w - +0 pair of boots
Stlth    ++........             r - amulet of guardian spirit
HPRegen  0.22/turn              l - +3 ring of evasion
MPRegen  0.15/turn              D - ring of positive energy

@: very slow
A: change form in water, swift swim, stealthy swim
a: Bend Time, Renounce Religion


You were on level 8 of the Dungeon.
You worshipped Cheibriados.
Cheibriados was pleased with you.
You were not hungry.

You visited 1 branch of the dungeon, and saw 8 of its levels.

You collected 421 gold pieces.
You spent 159 gold pieces at shops.

Inventory:

Hand Weapons
 t - a +1 trident (weapon)
Missiles
 b - 203 stones (quivered)
 u - 2 silver boomerangs
Armour
 a - a +0 leather armour (worn)
 e - a +0 cloak (worn)
 i - a +0 helmet (worn)
 k - a +0 shield of protection (worn)
 q - a +1 pair of gloves (worn)
 w - a +0 pair of boots (worn)
Magical Staves
 H - a cursed staff of summoning {unknown}
Jewellery
 f - an uncursed ring of stealth
 l - a +3 ring of evasion (left hand)
 r - an amulet of guardian spirit (around neck)
 y - an uncursed ring of see invisible
 D - a ring of positive energy (right hand)
Wands
 z - a wand of iceblast (3)
Scrolls
 h - a scroll of blinking
 o - 4 scrolls of enchant armour
 p - a scroll of fog
 x - 3 scrolls of teleportation
 A - a scroll of immolation
 F - a scroll of magic mapping
Potions
 d - a potion of ambrosia
 g - 6 potions of lignification
 j - 3 potions of mutation
 m - 3 potions of curing
 n - 2 potions of brilliance
 s - a potion of magic
 v - 3 potions of heal wounds
 B - a potion of invisibility {unknown}
 C - a potion of might {unknown}
Comestibles
 c - 16 rations
 E - 9 chunks of flesh


   Skills:
 - Level 4.5 Fighting
 + Level 8.0 Polearms
 - Level 6.3 Dodging
 - Level 2.1 Stealth
 * Level 7.9 Shields
 - Level 4.4 Spellcasting
 - Level 6.6 Summonings
 + Level 2.8 Translocations
 - Level 3.6 Ice Magic
 - Level 1.0 Air Magic
 + Level 4.3 Invocations


You had 2 spell levels left.
You knew the following spells:

 Your Spells              Type           Power        Failure   Level  Hunger
a - Summon Small Mammal   Summ           ####         2%          1    None
b - Call Imp              Summ           ####....     3%          2    #......
c - Summon Ice Beast      Ice/Summ       ####....     38%         4    ####...
d - Summon Lightning Spi  Summ/Air       ###.....     58%         4    ####...
e - Slow                  Hex            #.......     47%         2    #......
f - Blink                 Tloc           N/A          16%         2    #......

Your spell library contained the following spells:

 Spells                   Type           Power        Failure   Level  Hunger
 Magic Dart               Conj           #...         34%         1    None
 Call Canine Familiar     Summ           ####....     7%          3    ##.....
 Summon Guardian Golem    Hex/Summ       ###.....     26%         3    ##.....
 Mephitic Cloud           Conj/Pois/Air  #.......     67%         3    ##.....
 Conjure Flame            Conj/Fire      #.......     71%         3    ##.....


Dungeon Overview and Level Annotations

Branches:
Dungeon (8/15)             Temple (0/1) D:6
   Lair: D:8-11

Altars:
Cheibriados
Elyvilon
Gozag
Hepliaklqana
Makhleb
Qazlal
Trog
Vehumet
Zin
The Shining One

Shops:
D:6 !}   D:7 ?   D:8 [

Annotations:
D:4 2 runed translucent doors, exclusion: 2 doors, losten's ghost, amateur DsBe


Message History

Your Polearms skill increases to level 8!
You block the centaur's attack.
Attack whom?
Press: ? - help, Dir - move target cursor, f - centaur
Aim: a centaur You barely miss the centaur.
You block the centaur's attack.
Casting: Call Imp (safe; 3% risk of failure)
Confirm with . or Enter, or press ? or * to list all spells.
The centaur hits you.
* * * LOW HITPOINT WARNING * * *
The centaur closely misses you.
The centaur wields a +0 shortbow.
The centaur shoots an arrow.
You block the arrow.
The centaur shoots an arrow.
The arrow closely misses you. The arrow closely misses your quokka.
You see here an arrow.
The crimson imp blinks!
The centaur shoots an arrow.
The arrow closely misses your quokka. The arrow misses you.
The centaur shoots an arrow.
The arrow barely misses your quokka. The arrow hits you.
You die...

.#....##..#.# #.#
#....# ##....###.#.#
#.# ###### ##....#
#.#.#####+### ...<..#
#...#.......# ......#
#...+....(..# ......#
#...#.......# ..[..##
#...#.......#
.....#####..#.......#
................@.###
###'#######..####(#
###÷#.# #..# #r#
......# ##(# #c#
###÷#.######.(###§#
#...#.............#
....#
#######.(#######
#.... #..(.....#
#..#. ##5(.....#


You could see a centaur and a friendly quokka.

Vanquished Creatures
  A two-headed ogre (D:8)
  Pikel (D:4)
  Joseph (D:8)
  Prince Ribbit (D:8)
  Sigmund (D:4)
  Eustachio (D:4)
  A hungry ghost (D:8)
  A water moccasin (D:7)
  2 slaves (D:4)
  An ice beast (D:5)
  2 ogres
  A phantom (D:6)
  5 centaurs
  A crocodile (D:8)
  4 bullfrogs
  A scorpion (D:7)
  3 howler monkeys (D:7)
  A centaur zombie (D:6)
  2 crimson imps
  A bullfrog zombie (D:7)
  2 jellies
  4 hounds
  A bullfrog skeleton (D:6)
  3 orc priests
  2 orc wizards (D:8)
  A centaur skeleton (D:5)
  4 iguanas
  3 worker ants
  A howler monkey zombie (D:6)
  A howler monkey skeleton (D:5)
  8 adders
  5 shadow imps
  An adder zombie (D:8)
  2 oozes
  2 worms (D:4)
  2 dart slugs
  5 leopard geckos
  17 orcs
  6 bats
  7 goblins
  7 hobgoblins
  A jackal (D:5)
  8 kobolds
  2 quokkas
  3 ball pythons
  3 frilled lizards
  A goblin skeleton (D:8)
  A goblin zombie (D:8)
  A hobgoblin zombie (D:8)
  A jackal zombie (D:5)
  An orc skeleton (D:8)
  An orc zombie (D:8)
  A quokka skeleton (D:5)
  A quokka zombie (D:5)
  3 rats
144 creatures vanquished.

Vanquished Creatures (collateral kills)
  A two-headed ogre (D:8)
  Grinder (D:4)
  Duvessa (D:5)
  A slave (D:4)
  2 ice beasts
  2 ogres
  Dowan (D:5)
  2 hounds
  4 orc wizards
  An orc priest (D:5)
  Ijyb (D:5)
  Terence (D:3)
  An iguana (D:4)
  3 gnolls (D:3)
  4 adders
  An adder skeleton (D:2)
  A leopard gecko (D:3)
  8 orcs
  A giant cockroach (D:2)
  4 goblins
  2 hobgoblins (D:2)
  5 jackals
  A kobold (D:1)
  A quokka (D:8)
  A ball python (D:4)
  2 bats
  3 frilled lizards
  A rat (D:1)
57 creatures vanquished.

Grand Total: 201 creatures vanquished

Notes
Turn   | Place    | Note
-------+----------+-------------------------------------------
     0 | D:1      | Brecoman the Merfolk Summoner began the quest for the Orb.
     0 | D:1      | Reached XP level 1. HP: 13/13 MP: 3/3
   606 | D:1      | Reached XP level 2. HP: 20/20 MP: 0/5
   833 | D:1      | Reached skill level 1 in Fighting
  1268 | D:1      | Learned a level 2 spell: Call Imp
  1302 | D:2      | Reached XP level 3. HP: 26/26 MP: 6/6
  1799 | D:3      | Noticed Terence
  1808 | D:3      | Killed Terence
  1808 | D:3      | Reached XP level 4. HP: 8/32 MP: 4/7
  2300 | D:3      | Found a snail-covered altar of Cheibriados.
  2448 | D:3      | Reached skill level 1 in Shields
  2947 | D:3      | Reached XP level 5. HP: 20/38 MP: 9/9
  3169 | D:3      | Reached skill level 1 in Polearms
  3311 | D:3      | Found a glowing silver altar of Zin.
  3578 | D:4      | Noticed Sigmund
  3647 | D:4      | Found a stormy altar of Qazlal.
  3719 | D:4      | Found a runed translucent door.
  3724 | D:4      | Noticed losten's ghost (amateur DsBe)
  3993 | D:4      | Learned a level 4 spell: Summon Ice Beast
  4060 | D:4      | Reached XP level 6. HP: 26/44 MP: 3/10
  4255 | D:4      | Noticed Grinder
  4342 | D:4      | Noticed a slave
  4342 | D:4      | Noticed a slave
  4346 | D:4      | Noticed Pikel
  4346 | D:4      | Noticed a slave
  4348 | D:4      | Noticed a slave
  4355 | D:4      | Killed a slave
  4392 | D:4      | Killed a slave
  4418 | D:4      | Killed a slave
  4611 | D:4      | Paralysed by Grinder for 5 turns
  4638 | D:4      | Killed Grinder
  4638 | D:4      | Reached skill level 2 in Polearms
  4638 | D:4      | Reached skill level 5 in Summonings
  4638 | D:4      | Reached skill level 1 in Ice Magic
  4657 | D:4      | Killed Pikel
  4657 | D:4      | Reached XP level 7. HP: 26/52 MP: 4/12
  4903 | D:4      | Reached skill level 3 in Polearms
  5258 | D:4      | Killed Sigmund
  5270 | D:4      | Reached skill level 5 in Dodging
  5270 | D:4      | Reached XP level 8. HP: 36/58 MP: 13/13
  5286 | D:4      | Found a white marble altar of Elyvilon.
  5326 | D:4      | Found a runed translucent door.
  5373 | D:5      | Entered Level 5 of the Dungeon
  5419 | D:5      | Found a burning altar of Makhleb.
  5460 | D:5      | Noticed Eustachio
  5549 | D:4      | Killed Eustachio
  6213 | D:5      | Reached skill level 4 in Polearms
  6226 | D:5      | Noticed Ijyb
  6485 | D:5      | Noticed Dowan
  6489 | D:5      | Noticed Duvessa
  6491 | D:5      | Killed Dowan
  6511 | D:5      | Killed Duvessa
  6804 | D:5      | Killed Ijyb
  7146 | D:5      | Learned a level 4 spell: Summon Lightning Spire
  7271 | D:6      | Reached XP level 9. HP: 47/65 MP: 13/15
  7277 | D:6      | Reached skill level 5 in Polearms
  7443 | D:6      | Reached skill level 1 in Air Magic
  7486 | D:6      | Found a staircase to the Ecumenical Temple.
  7602 | D:6      | Reached skill level 5 in Shields
  7710 | D:3      | Became a worshipper of Cheibriados the Contemplative
  7870 | D:6      | Found Qayst's Gadget Shop.
  7996 | D:6      | Found a hazy altar of Hepliaklqana.
  8000 | D:6      | Found Lilin's Distillery.
  8032 | D:6      | Bought a potion of curing for 33 gold pieces
  8142 | D:7      | Reached skill level 1 in Invocations
  8260 | D:7      | Found Kiedig's Magic Scroll Boutique.
  8268 | D:7      | Bought a scroll of identify for 22 gold pieces
  8268 | D:7      | Bought a scroll of identify for 22 gold pieces
  8268 | D:7      | Bought a scroll of identify for 22 gold pieces
  8268 | D:7      | Bought a scroll of identify for 22 gold pieces
  8268 | D:7      | Bought a scroll of magic mapping for 38 gold pieces
  8415 | D:7      | Learned a level 2 spell: Slow
  8418 | D:7      | Learned a level 2 spell: Blink
  8672 | D:7      | Found a radiant altar of Vehumet.
  8675 | D:7      | Found a white marble altar of Elyvilon.
  8678 | D:7      | Found an opulent altar of Gozag.
  8711 | D:7      | Reached skill level 6 in Polearms
  8718 | D:7      | Reached * piety under Cheibriados
  8818 | D:7      | Found a bloodstained altar of Trog.
  8924 | D:7      | Reached skill level 1 in Translocations
  9478 | D:8      | Noticed a two-headed ogre
  9506 | D:8      | Killed a two-headed ogre
  9506 | D:8      | Reached skill level 7 in Polearms
  9506 | D:8      | Reached XP level 10. HP: 52/73 MP: 3/16
  9656 | D:8      | Noticed Joseph
  9661 | D:8      | Noticed Prince Ribbit
  9681 | D:8      | Killed Joseph
  9681 | D:8      | Reached ** piety under Cheibriados
  9740 | D:8      | Killed Prince Ribbit
  9833 | D:8      | Found a glowing golden altar of the Shining One.
  9931 | D:8      | Noticed a two-headed ogre
  9932 | D:8      | Found Kihoaqir's Specialty Armours.
  9956 | D:8      | Killed a two-headed ogre
  9956 | D:8      | Reached skill level 8 in Polearms
  9958 | D:8      | HP: 3/73 [centaur (4)]
  9960 | D:8      | Shot with an arrow by a centaur

Levels and vault maps discovered:
D:1:      dpeg_arrival_arbitrary_c, layout_basic, serial_curves, eino_curves_03,
          eino_curves_04, st_stairs_7, minmay_bisected
D:2:      layout_rooms
D:3:      layout_loops_ring, zin_scriptorium, cheibriados_altar_1,
          minmay_misc_feat_alley, uniq_terence
D:4:      layout_loops_ring, grunt_qazlal_clouds, ebering_ghost_sewer_f,
          elyvilon_altar_3, uniq_grinder, uniq_pikel, uniq_sigmund
D:5:      layout_rooms, marbit_many_paths, first_ration, uniq_duvessa,
          uniq_eustachio, uniq_ijyb
D:6:      layout_gridville, kennysheep_mini_moat, minmay_temple_entry_arrows,
          serial_shops, shop, nicolae_shop_competitors_out_of_business,
          minmay_misc_feat_room, st_stairs_3
D:7:      layout_basic, old_standard_altar, grunt_temple_overflow_diamond,
          serial_shops, shop
D:8:      layout_basic, nicolae_tso_besieged_by_evil, nicolae_barding_shop,
          uniq_joseph, uniq_prince_ribbit1

Skill      XL: |  1  2  3  4  5  6  7  8  9 10 |
---------------+-------------------------------+-----
Dodging        | 3 4 5 6 |  6.3
Fighting       | 1 2 3 4 |  4.5
Shields        | 1 3 4 7 |  7.9
Polearms       | 1 2 3 4 7 8 |  8.0
Spellcasting   | 3 4 |  4.4
Summonings     | 5 6 |  6.6
Ice Magic      | 1 2 3 |  3.6
Air Magic      | 1 |  1.0
Invocations    | 3 4 |  4.3
Translocations | 2 |  2.8
Stealth        | |  2.1

Action                   |  1- 3 |  4- 6 |  7- 9 | 10-12 || total
-------------------------+-------+-------+-------+-------++-------
Melee: Club              |    17 |       |       |       ||    17
       Unarmed           |     5 |       |       |       ||     5
       Whip              |    98 |    12 |       |       ||   110
       Trident           |       |   157 |   509 |   118 ||   784
Throw: Stone             |       |     3 |       |       ||     3
       Throwing net      |       |       |     1 |       ||     1
 Cast: Summon Small Mamm |    17 |       |       |     1 ||    18
       Call Imp          |     6 |    46 |    37 |     5 ||    94
       Blink             |       |       |     1 |       ||     1
  Use: Scroll            |       |     9 |    11 |     1 ||    21
 Stab: Sleeping          |     3 |     3 |     7 |       ||    13
       Distracted        |       |     4 |     4 |     4 ||    12
  Eat: Chunk             |     3 |    11 |    18 |     3 ||    35
Armor: Robe              |    22 |    26 |    76 |    12 ||   136
       Leather armour    |       |       |       |     4 ||     4
Dodge: Dodged            |   102 |   153 |   341 |    66 ||   662
Block: Buckler           |       |       |    62 |       ||    62
       Shield            |       |       |   135 |    68 ||   203

Table legend:
 A = Non-vault XP
 B = Vault XP
 C = Vault XP percentage of total XP
 D = Non-vault monster count
 E = Vault monster count
 F = Vault count percentage of total count
                 A         B        C        D         E       F
            +---------+---------+-------+---------+---------+-------
      Total |    5143 |    1859 |  26.5 |     178 |      20 |  10.1
            +---------+---------+-------+---------+---------+-------
        D:1 |      20 |       2 |   9.1 |      15 |       2 |  11.8
        D:2 |      42 |       0 |   0.0 |      20 |       0 |   0.0
        D:3 |     168 |      19 |  10.2 |      32 |       1 |   3.0
        D:4 |     302 |     891 |  74.7 |      21 |       4 |  16.0
        D:5 |     636 |     269 |  29.7 |      27 |       4 |  12.9
        D:6 |     811 |      11 |   1.3 |      20 |       1 |   4.8
        D:7 |     949 |       0 |   0.0 |      22 |       0 |   0.0
        D:8 |    2215 |     667 |  23.1 |      21 |       8 |  27.6
            +---------+---------+-------+---------+---------+-------
